 Dungeon Crawl Stone Soup version 0.21.1-1-g345015f (webtiles) character file.

4 Amnesiac the Grave Robber (level 1, -1/13 HPs)
             Began as a Mummy Necromancer on Mar 13, 2018.
             Slain by a goblin
             ... wielding a +0 club
              (5 damage)
             ... on level 1 of the Dungeon.
             The game lasted 00:01:25 (204 turns).

Amnesiac the Grave Robber (Mummy Necromancer)        Turns: 204, Time: 00:01:26

Health: -1/13      AC:  2    Str: 11    XL:     1   Next: 50%
Magic:  4/4        EV: 12    Int: 14    God:
Gold:   0          SH:  0    Dex: 12    Spells: 4/5 levels left

rFire    x . .     SeeInvis .   c - -3 mace (curse)
rCold    + . .     Gourm    .   (no shield)
rNeg     + + +     Faith    .   a - +0 robe
rPois    ∞         Spirit   .   (no helmet)
rElec    .         Reflect  .   (no cloak)
rCorr    .         Harm     .   (no gloves)
MR       .....                  (no boots)
Stlth    ++........             (no amulet)
HPRegen  0.04/turn              (no ring)
MPRegen  0.09/turn              (no ring)

@: no status effects
A: no food or potions, fire vulnerability, cold resistance 1, negative energy
resistance 3, torment resistance, unbreathing
a: no special abilities


You were on level 1 of the Dungeon.
You were not hungry.

You visited 1 branch of the dungeon, and saw 1 of its levels.

Inventory:

Hand Weapons
 c - a cursed -3 mace (weapon)
 d - a +0 dagger of venom
Armour
 a - a +0 robe (worn)
Books
 b - a book of Necromancy

   Spells                             Type                      Level
   a - Pain                           Necromancy                   1
   b - Animate Skeleton               Necromancy                   1
   c - Vampiric Draining              Necromancy                   3
   d - Regeneration                   Charms/Necromancy            3
   e - Animate Dead                   Necromancy                   4
   f - Borgnjor's Vile Clutch         Necromancy/Earth             5


   Skills:
 - Level 1.5 Dodging
 - Level 1.5 Stealth
 + Level 2.8 Spellcasting
 * Level 4.1 Necromancy


You had 4 spell levels left.
You knew the following spells:

 Your Spells              Type           Power        Failure   Level  Hunger
a - Pain                  Necr           ##..         4%          1    N/A

Dungeon Overview and Level Annotations

Branches:
Dungeon (1/15)

Altars:


Innate Abilities, Weirdness & Mutations

You do not eat or drink.
Your flesh is vulnerable to fire.
You are immune to poison.
Your flesh is cold resistant. (rC+)
You are immune to negative energy. (rN+++)
You are immune to unholy pain and torment.
You can survive without breathing.


Message History

You can't see any susceptible monsters within range! (Use Z to cast anyway.)
Casting: Pain
Confirm with . or Enter, or press ? or * to list all spells.
You can't see any susceptible monsters within range! (Use Z to cast anyway.)
You start resting.
Magic restored.
A kobold comes into view. It is wielding a club.
The kobold shouts!
Casting: Pain
Confirm with . or Enter, or press ? or * to list all spells.
Aiming: Pain
Press: ? - help, Shift-Dir - straight line, f - kobold
Aim: a kobold, wielding a club (chance to defeat MR: 83%)
The kobold writhes in agony!
You kill the kobold!
Found 2 fizzy inky potions.
Casting: Pain
Confirm with . or Enter, or press ? or * to list all spells.
You can't see any susceptible monsters within range! (Use Z to cast anyway.)
Casting: Pain
Confirm with . or Enter, or press ? or * to list all spells.
You can't see any susceptible monsters within range! (Use Z to cast anyway.)
You start resting.
Magic restored.
Found a runed dagger.
Key pressed, stopping explore.
Found a glowing mace.
You see here a glowing mace.
c - a glowing mace Wield which item (- for none, * to show all)? (? for menu, Esc to quit)
It sticks to your hand!
c - a cursed -3 mace (weapon)
Search for what [? for help]? dag The goblin shouts!
The goblin is too close now for your liking.
The goblin misses you.
You miss the goblin. The goblin hits you with a club.
You hit the goblin.
You kill the goblin!
No target in view!
You see here a club.
You see here a runed dagger.
d - a runed dagger A goblin comes into view.
It is wielding a club.
The goblin shouts!
You see here 18 gold pieces.
A goblin is nearby!
A goblin is nearby!
The goblin closely misses you.
You barely miss the goblin. The goblin hits you with a club.
You barely miss the goblin. The goblin hits you with a club.
You closely miss the goblin. The goblin hits you with a club.
* * * LOW HITPOINT WARNING * * *
The goblin hits you with a club.
* * * LOW HITPOINT WARNING * * *
You closely miss the goblin. The goblin closely misses you.
You closely miss the goblin. The goblin misses you.
You barely miss the goblin. The goblin misses you.
You miss the goblin. The goblin closely misses you.
The goblin hits you but does no damage.
You hit the goblin.
The goblin is severely wounded.
The goblin hits you with a club.
You die...

#. ########## #.
#.......!. #.
#......... #.
#......... #..
#.)##...## ###.####
#..##...# #...g..#
#.......# #...@..#
#.....>.# #......#
#.......#
#......###.#..###..#
##..$......#..#
#†.## #..########.)#
#....
#.........#..###....
#.#####.#.#......!..
#.#.....#.#........#
#.#.###.#.#........#


You could see a goblin.

Vanquished Creatures
  2 goblins (D:1)
  A bat (D:1)
  A kobold (D:1)
4 creatures vanquished.

Notes
Turn   | Place    | Note
-------+----------+-------------------------------------------
     0 | D:1      | Amnesiac the Mummy Necromancer began the quest for the Orb.
     0 | D:1      | Reached XP level 1. HP: 13/13 MP: 4/4
   204 | D:1      | Slain by a goblin

Action                   || total
-------------------------++-------
Melee: Mace              ||    10
 Cast: Pain              ||     5
Armor: Robe              ||     1
Dodge: Dodged            ||     6
